 Dungeon Crawl Stone Soup version 0.25-a0-667-gb977e01cb5 (webtiles) character file.

Game seed: 17163650289406777553, levelgen mode: deterministic

1293 ReteAZ the Ruffian (level 8, -5/70 HPs)
             Began as a Ghoul Fighter on Mar 27, 2020.
             Slain by a killer bee (6 damage)
             ... on level 5 of the Dungeon.
             The game lasted 00:06:09 (3707 turns).

ReteAZ the Ruffian (Ghoul Fighter)                  Turns: 3707, Time: 00:06:10

Health: -5/70      AC:  7    Str: 20 (21) XL:     8   Next: 56%
Magic:  7/7        EV:  7    Int:  3 (6)  God:
Gold:   225        SH:  9    Dex:  7 (8)  Spells: 7/7 levels left

rFire    . . .     SeeInvis .   w - +0 short sword (venom)
rCold    + . .     Gourm    .   b - +0 kite shield
rNeg     + + +     Faith    .   a - +0 scale mail
rPois    ∞         Spirit   .   (no helmet)
rElec    .         Reflect  .   (no cloak)
rCorr    .         Harm     .   (no gloves)
MR       .....                  (no boots)
Stlth    +.........             (no amulet)
HPRegen  0.00/turn              j - ring of stealth
MPRegen  0.10/turn              f - +2 ring of intelligence

@: brilliant, flying, rotting
A: rotting body, claws 1, carnivore, cold resistance 1, negative energy
resistance 3, inhibited regeneration, torment resistance, unbreathing
a: no special abilities


You were on level 5 of the Dungeon.
You were not hungry.

You visited 1 branch of the dungeon, and saw 5 of its levels.

You collected 225 gold pieces.

Inventory:

Hand Weapons
 w - a +0 short sword of venom (weapon)
Armour
 a - a +0 scale mail (worn)
 b - a +0 kite shield (worn)
Jewellery
 f - a +2 ring of intelligence (right claw)
 j - a ring of stealth (left claw)
 l - a cursed ring of teleportation {unknown}
 u - an uncursed amulet of faith {unknown}
Wands
 y - a wand of iceblast (11)
 z - a wand of random effects (15)
Scrolls
 g - 3 scrolls of enchant armour {unknown}
 h - 3 scrolls of teleportation {unknown}
 k - 2 scrolls of identify {unknown}
 m - 5 scrolls of remove curse {unknown}
 p - a scroll of fear {unknown}
 r - 2 scrolls of magic mapping {unknown}
Potions
 c - 3 potions of might
 e - a potion of ambrosia {unknown}
 i - a potion of cancellation {unknown}
 n - a potion of stabbing {unknown}
 o - a potion of brilliance
 q - a potion of degeneration
 s - a potion of haste {unknown}
 t - a potion of lignification {unknown}
 x - a potion of berserk rage {unknown}
 A - a potion of flight
Comestibles
 d - 3 rations


   Skills:
 + Level 6.1 Fighting
 + Level 5.0 Armour
 + Level 5.1 Shields
 + Level 6.8 Unarmed Combat


You had 7 spell levels left.
You didn't know any spells.
Your spell library contained the following spells:

 Spells                   Type           Power        Failure   Level  Hunger
 Confusing Touch          Hex            #.......     100%        3    None
 Gell's Gravitas          Tloc           #.........   100%        3    None
 Petrify                  Tmut/Erth      #.......     100%        4    None
 Metabolic Englaciation   Hex/Ice        #.........   100%        5    None
 Yara's Violent Unravell  Hex/Tmut       #.........   100%        5    None


Dungeon Overview and Level Annotations

Branches:
Dungeon (5/15)
 Temple: D:4-7

Altars:
Ashenzari
Elyvilon
Nemelex Xobeh
Okawaru
Qazlal
Ru
Trog
Xom
Zin
The Shining One


Innate Abilities, Weirdness & Mutations

Your body is rotting away.
You thrive on raw meat.
You are immune to poison.
You have sharp fingernails.
You are carnivorous and can eat meat at any time.
Your flesh is cold resistant. (rC+)
You are immune to negative energy. (rN+++)
You do not regenerate when monsters are visible.
You are immune to unholy pain and torment.
You can survive without breathing.


Message History

The killer bee stings you but does no damage.
You closely miss the killer bee. You block the killer bee's attack. x2
You barely miss the killer bee. You block the killer bee's attack. x2
The killer bee stings you.
* * * LOW HITPOINT WARNING * * *
You hit the killer bee.
The killer bee is moderately wounded.
You block the killer bee's attack. The killer bee barely misses you.
You closely miss the killer bee.
The killer bee is moderately wounded.
The killer bee stings you.
* * * LOW HITPOINT WARNING * * *
The killer bee stings you.
* * * LOW HITPOINT WARNING * * *
The killer bee stings you.
* * * LOW HITPOINT WARNING * * *
You hit the killer bee.
The killer bee is heavily wounded.
You block the killer bee's attack. The killer bee stings you.
You die...

.. .. #.# ..#
##<## ## [..
... .. #.##..
.#
..#....###.####
>.......#......
#.#####....#
#...@yya#.##
########...#
#...# #...#
#...#
######...#
..###........#
............y+
..###........#


You could see a worker ant and 2 killer bees.

Vanquished Creatures
  Pikel (D:4)
  2 slaves (D:4)
  3 ogres (D:4)
  A phantom (D:4)
  2 scorpions
  2 killer bees (D:5)
  A bullfrog skeleton (D:4)
  2 orc priests
  An orc wizard (D:3)
  A worker ant (D:4)
  6 adders
  2 adder skeletons (D:4)
  6 worms
  6 dart slugs
  2 leopard geckos
  14 orcs
  4 ball pythons
  7 bats
  8 giant cockroaches
  9 goblins
  10 hobgoblins
  11 jackals
  3 quokkas
  3 frilled lizards
  10 kobolds
  4 rats
121 creatures vanquished.

Notes
Turn   | Place    | Note
-------+----------+-------------------------------------------
     0 | D:1      | ReteAZ the Ghoul Fighter began the quest for the Orb.
     0 | D:1      | Reached XP level 1. HP: 19/19 MP: 0/0
    50 | D:1      | Reached XP level 2. HP: 22/26 MP: 1/1
   240 | D:1      | Reached XP level 3. HP: 25/31 MP: 2/2
   736 | D:2      | Reached XP level 4. HP: 19/40 MP: 3/3
   848 | D:2      | Found a sacrificial altar of Ru.
   853 | D:2      | You fall into a shaft and drop 1 floor!
   883 | D:2      | Found a glowing golden altar of the Shining One.
  1109 | D:2      | Reached XP level 5. HP: 24/46 MP: 4/4
  1277 | D:3      | Reached XP level 6. HP: 42/52 MP: 5/5
  1501 | D:2      | Found a faded altar of an unknown god.
  1501 | D:2      | Found an iron altar of Okawaru.
  1506 | D:2      | Found a glowing silver altar of Zin.
  1508 | D:2      | Found a shattered altar of Ashenzari.
  1510 | D:2      | Found a stormy altar of Qazlal.
  1713 | D:2      | Found a faded altar of an unknown god.
  2300 | D:3      | Found a bloodstained altar of Trog.
  2304 | D:3      | Found a white marble altar of Elyvilon.
  2308 | D:3      | Found a shimmering altar of Xom.
  2311 | D:3      | Found a sparkling altar of Nemelex Xobeh.
  2343 | D:4      | Reached skill level 5 in Unarmed Combat
  2538 | D:4      | Reached XP level 7. HP: 60/60 MP: 6/6
  3081 | D:4      | Reached skill level 5 in Fighting
  3201 | D:4      | Noticed Pikel
  3222 | D:4      | Killed Pikel
  3222 | D:4      | Reached XP level 8. HP: 35/70 MP: 7/7
  3413 | D:4      | Reached skill level 5 in Shields
  3629 | D:5      | Entered Level 5 of the Dungeon
  3675 | D:5      | Reached skill level 5 in Armour
  3706 | D:5      | HP: 1/70 [killer bee (3)]
  3707 | D:5      | Slain by a killer bee

Levels and vault maps discovered:
D:1:      tarquinn_simple_flora_water_a, layout_basic, minmay_pentomino_p4
D:2:      layout_loops_ring, hangedman_ru_absence,
          nicolae_overflow_hidden_temple, chequers_temple_overflow_minitemple,
          chequers_ecumenical_altar_grove, minmay_split_cup_small
D:3:      layout_basic, minitemple
D:4:      layout_loops_corners, minmay_unequal, uniq_pikel
D:5:      layout_loops_cross, kennysheep_little_box, serial_shops,
          kennysheep_mini, first_ration, doesnt_xom_only_xom, uniq_duvessa,
          uniq_sigmund, uniq_eustachio

Skill      XL: |  1  2  3  4  5  6  7  8 |
---------------+-------------------------+-----
Unarmed Combat | 3 4 5 6 |  6.8
Armour         | 3 4 5 |  5.0
Shields        | 3 4 5 |  5.1
Fighting       | 4 5 6 |  6.1

Action                   |  1- 3 |  4- 6 |  7- 9 || total
-------------------------+-------+-------+-------++-------
Melee: Unarmed           |   134 |   230 |    39 ||   403
       Short sword       |       |       |   111 ||   111
Evoke: Wand              |       |       |     1 ||     1
  Use: Potion            |       |       |     5 ||     5
  Eat: Chunk             |     6 |    26 |    14 ||    46
Armor: Scale mail        |    72 |    64 |    39 ||   175
Dodge: Dodged            |    43 |    52 |    36 ||   131
Block: Kite shield       |    69 |    68 |    84 ||   221

Table legend:
 A = Non-vault XP
 B = Vault XP
 C = Vault XP percentage of total XP
 D = Non-vault monster count
 E = Vault monster count
 F = Vault count percentage of total count
                 A         B        C        D         E       F
            +---------+---------+-------+---------+---------+-------
      Total |    1077 |     771 |  41.7 |     111 |       8 |   6.7
            +---------+---------+-------+---------+---------+-------
        D:1 |      45 |       2 |   4.3 |      22 |       1 |   4.3
        D:2 |     133 |      27 |  16.9 |      34 |       3 |   8.1
        D:3 |     229 |       0 |   0.0 |      31 |       0 |   0.0
        D:4 |     550 |     742 |  57.4 |      22 |       4 |  15.4
        D:5 |     120 |       0 |   0.0 |       2 |       0 |   0.0
            +---------+---------+-------+---------+---------+-------
